 Dungeon Crawl Stone Soup version 0.21.1-1-g345015f (webtiles) character file.

50 Firecrotchwizard the Slasher (level 3, 0/28 HPs)
             Began as a Demonspawn Gladiator on Feb 23, 2018.
             Slain by Sigmund
             ... wielding a +0 scythe
              (4 damage)
             ... on level 2 of the Dungeon.
             The game lasted 00:02:09 (1393 turns).

Firecrotchwizard the Slasher (Demonspawn Gladiator) Turns: 1393, Time: 00:02:10

Health: 0/28       AC: 11    Str: 19    XL:     3   Next: 55%
Magic:  3/3        EV: 12    Int:  9    God:
Gold:   62         SH:  0    Dex: 15    Spells: 2/2 levels left

rFire    . . .     SeeInvis .   a - +0 long sword
rCold    . . .     Gourm    .   (no shield)
rNeg     . . .     Faith    .   k - +0 ring mail
rPois    .         Spirit   .   (helmet restricted)
rElec    .         Reflect  .   (no cloak)
rCorr    .         Harm     .   (no gloves)
MR       .....                  (no boots)
Stlth    ..........             (no amulet)
HPRegen  0.09/turn              (no ring)
MPRegen  0.08/turn              (no ring)

@: confused, mighty, sanguine armour
A: horns 1, sanguine armour 1
a: no special abilities


You were on level 2 of the Dungeon.
You were not hungry.

You visited 1 branch of the dungeon, and saw 3 of its levels.

You collected 62 gold pieces.

Inventory:

Hand Weapons
 a - a +0 long sword (weapon)
 i - a +0 dagger of draining
   (You took it off a kobold on level 1 of the Dungeon)
Missiles
 d - 3 throwing nets {=f, !d}
Armour
 b - a +0 leather armour
 c - a +0 helmet
 k - a +0 ring mail (worn)
   (You found it on level 2 of the Dungeon)
Wands
 j - a wand of flame (29)
   (You found it on level 2 of the Dungeon)
Scrolls
 h - 3 scrolls of identify {unknown}
Comestibles
 f - a ration {@e1}
 g - a chunk of flesh {@w0}


   Skills:
 + Level 2.7 Fighting
 * Level 3.8 Long Blades
 - Level 1.7 Throwing
 - Level 2.6 Dodging


You had 2 spell levels left.
You didn't know any spells.

Dungeon Overview and Level Annotations

Branches:
Dungeon (3/15)

Altars:

Annotations:
D:2 Sigmund


Innate Abilities, Weirdness & Mutations

You have a pair of small horns on your head.
When seriously injured, your bleeding wounds create armour. (AC +6)


Message History

You kill the worm!
The hobgoblin misses you.
You slash the hobgoblin!
You kill the hobgoblin!
You see here a hobgoblin corpse.
You butcher the hobgoblin corpse.
g - 2 chunks of flesh {@w0} (gained 1)
You start resting.
Your blood armour dries and flakes away.
You regained 6 hp, and now have 19/28 hp.
You start resting.
Some of the chunks of flesh in your inventory have rotted away.
Health restored: 28 You butcher the hobgoblin corpse.
g - 2 chunks of flesh {@w0} (gained 1)
You see here a club. x2
Eating one of 2 chunks of flesh {@w0}.
You eat one of the 2 chunks of flesh {@w0}.
Found a stone staircase leading down.
A goblin comes into view. It is wielding a club.
The goblin shouts!
You see here a ring mail.
k - a ring mail Sigmund the Dreaded comes into view.
He is wielding a scythe.
Sigmund shouts!
The goblin barely misses you.
There is a stone staircase leading down here.
The goblin barely misses you.
You climb downwards.
A giant cockroach comes into view.
There is a stone staircase leading up here.
You slash the goblin!
You kill the goblin!
Things that are here:
a club; a goblin corpse The giant cockroach closely misses you.
The giant cockroach barely misses you.
You riposte.
You barely miss the giant cockroach. You hit the giant cockroach.
The giant cockroach bites you but does no damage.
You barely miss the giant cockroach. The giant cockroach barely misses you.
You closely miss the giant cockroach.
Your headbutt misses the giant cockroach.
The giant cockroach barely misses you.
You riposte.
You hit the giant cockroach.
You kill the giant cockroach!
No target in view!
You start removing your armour.
You continue taking off your +0 leather armour. x4
You finish taking off your +0 leather armour.
You start putting on your armour.
You continue putting on your ring mail. x5
You finish putting on your +0 ring mail.
Things that are here:
a club; a goblin corpse
There is a stone staircase leading up here.
It was a potion of might.
You feel very mighty all of a sudden.
You climb upwards.
Level annotation: Sigmund The kobold shouts!
There is a stone staircase leading down here.
Sigmund hits you from afar with a scythe.
You take 1 damage, and have 27/28 hp.
You slash Sigmund! You headbutt Sigmund! Sigmund hits you with a scythe!
You take 8 damage, and have 19/28 hp.
MASSIVE DAMAGE!!
You closely miss Sigmund. Your headbutt misses Sigmund.
Sigmund points at you and mumbles some strange words.
You are confused.
The kobold hits you but does no damage. Sigmund misses you.
The kobold hits you with a short sword.
Your blood congeals into armour.
You take 2 damage, and have 17/28 hp.
You're too confused to move!
The kobold hits you but does no damage. Sigmund barely misses you.
The kobold barely misses you.
You closely miss the kobold.
You kill the kobold!
You feel less confused. Sigmund barely misses you.
Sigmund hits you but does no damage.
You hit Sigmund but do no damage. You closely miss Sigmund.
Your headbutt misses Sigmund.
Sigmund points at you and mumbles some strange words.
You are confused.
Sigmund looks at you with fury.
Sigmund gestures wildly while chanting.
Sigmund flickers and vanishes!
Deactivating autopickup; reactivate with Ctrl-A.
You completely miss something. Something hits you!
You take 6 damage, and have 11/28 hp.
MASSIVE DAMAGE!!
You barely miss something.
You hear some strange, mumbled words.
A magic dart appears from out of thin air!
The magic dart hits you!
* * * LOW HITPOINT WARNING * * *
You take 7 damage, and have 4/28 hp.
MASSIVE DAMAGE!!
You closely miss something. Something hits you.
You die...

....)...######### ##.##
................# ##..#####
..###.#>........# #.......##
. #............?# #.#......#
.............>## #.#.P..P(#
.................# #.#......#
#...≈.P.....=....###.#.P....#
...≈≈≈≈.......)......#......#
..≈≈≈≈......{@..###.....####
.≈≈≈≈....###.#...........#
≈≈≈≈....# #.#.....#....##
≈...$.# #.........#...# ...
......>...#...# ...
.......(..#...#
##..#..........#
#.......#.#...#
#...#...#<##..##


There were no monsters in sight!

Vanquished Creatures
  A worm (D:2)
  A dart slug (D:1)
  3 bats (D:1)
  2 bat skeletons (D:2)
  A bat zombie (D:2)
  3 giant cockroaches
  A goblin (D:3)
  10 hobgoblins
  4 jackals (D:1)
  A ball python (D:1)
  2 frilled lizards (D:2)
  7 kobolds
  A leopard gecko skeleton (D:2)
  A leopard gecko zombie (D:2)
  A rat (D:1)
39 creatures vanquished.

Vanquished Creatures (others)
  4 toadstools (D:1)
4 creatures vanquished.

Grand Total: 43 creatures vanquished

Notes
Turn   | Place    | Note
-------+----------+-------------------------------------------
     0 | D:1      | Firecrotchwizard the Demonspawn Gladiator began the quest for the Orb.
     0 | D:1      | Reached XP level 1. HP: 16/16 MP: 1/1
    52 | D:1      | Reached skill level 3 in Long Blades
    54 | D:1      | Gained mutation: When seriously injured, your bleeding wounds create armour. (AC +6) [demonic ancestry]
    54 | D:1      | Reached XP level 2. HP: 20/22 MP: 2/2
   954 | D:1      | Gained mutation: You have a pair of small horns on your head. [demonic ancestry]
   954 | D:1      | Reached XP level 3. HP: 28/28 MP: 3/3
  1350 | D:2      | Noticed Sigmund
  1392 | D:2      | HP: 4/28 [something/magic dart (7)]
  1393 | D:2      | Slain by Sigmund

Skill      XL: |  1 |
---------------+----+-----
Long Blades    | 3 |  3.8
Fighting       | |  2.7
Throwing       | |  1.7
Dodging        | |  2.6

Action                   || total
-------------------------++-------
Melee: Long sword        ||    91
       Headbutt          ||     8
  Use: Potion            ||     1
  Eat: Chunk             ||     2
Armor: Leather armour    ||    40
       Ring mail         ||     3
Dodge: Dodged            ||    89
       Rpst.: Long sword ||    23

Vault maps used:
D:1:      ldierk_water_garden
D:2:      kennysheep_big_flooded_room, serial_undead, serial_undead_a,
          serial_undead_e, serial_undead_f, serial_undead_e, serial_undead_b,
          serial_undead_f, uniq_crazy_yiuf_cottage, uniq_sigmund
D:3:      lightli_temple_of_fire, lemuel_coloured_pillars_altar, led_sif_pool,
          first_ration, minmay_cut_off

Table legend:
 A = Turns spent in this place as a percentage of turns spent in the entire game.
 B = Non-inter-level travel turns spent in this place as a percentage of non-inter-level travel turns spent in the entire game.
 C = Inter-level travel turns spent in this place as a percentage of turns spent in this place.
 D = Turns resting spent in this place as a percentage of non-inter-level travel turns spent in this place.
 E = Turns spent auto-exploring this place as a percentage of non-inter-level travel turns spent in this place.
 F = Non-inter-level travel turns spent in this place divided by the number of levels of this place that you've seen.
                   A       B       C       D       E      F
               +-------+-------+-------+-------+-------+----------------------
         Total | 100.0 | 100.0 |   2.9 |  39.5 |  44.8 | 451.0
       Dungeon | 100.0 | 100.0 |   2.9 |  39.5 |  44.8 | 451.0
               +-------+-------+-------+-------+-------+----------------------

Table legend:
 A = Kills in this place as a percentage of kills in entire the game.
 B = Kills by you in this place as a percentage of kills by you in the entire game.
 C = Kills by friends in this place as a percentage of kills by friends in the entire game.
 D = Other kills in this place as a percentage of other kills in the entire game.
 E = Experience gained in this place as a percentage of experience gained in the entire game.
 F = Experience gained in this place divided by the number of levels of this place that you have seen.
                   A       B       C       D       E      F
               +-------+-------+-------+-------+-------+----------------------
         Total | 100.0 | 100.0 |   N/A |   N/A | 100.0 |  24.0
       Dungeon | 100.0 | 100.0 |   N/A |   N/A | 100.0 |  24.0
               +-------+-------+-------+-------+-------+----------------------
